[Event "Svetozar Gligoric Masters 2022"]
[Site "Belgrade"]
[Date "2022.07.18"]
[Round "2.23"]
[White "Ozer, Omer Faruk"]
[Black "Makaraci, Tunahan"]
[Result "1/2-1/2"]
[ECO "A45"]
[WhiteElo "2317"]
[BlackElo "2130"]
[Annotator "TA"]
[PlyCount "66"]
[EventDate "2022.07.18"]
[EventCountry "SRB"]
[SourceTitle "playchess.com"]
[Source "ChessBase"]
[SourceQuality "1"]
[TimeControl "40/5400+30:900+30"]

1. d4 Nf6 2. Bg5 e6 3. e4 h6 4. Bxf6 Qxf6 5. c3 d5 6. Nd2 {[%cal Bb1d2,Bd2e4,Be4g3][%mdl 32] A45: Trompowsky Attack.} c5 7. Ngf3 Nc6 8. Bb5 {White wants to play Ne5.} Bd7 9. O-O (9. Qe2 $5 a6 10. Bd3 $11) 9... cxd4 10. cxd4 dxe4 (10... Nxd4 $2 11. Bxd7+ Kxd7 12. exd5 (12. Qa4+ Nc6 $16) 12... Nxf3+ 13. Nxf3 $16) (10... a6 $11 {keeps the balance.} 11. Bxc6 Bxc6) 11. Nxe4 $16 {[#]} Qf4 $146 ({Predecessor:} 11... Qg6 12. Nc5 Bxc5 13. dxc5 O-O-O 14. Qa4 Kb8 15. Rad1 a6 16. Bxa6 Ne5 17. Nxe5 Bxa4 18. Nxg6 Bxd1 19. Nxh8 {1-0 (55) Manon Og,R (2122)-Wiwatanadate,P (2024) Chess.com INT 2016}) 12. d5 (12. Re1 $1 $16 {aiming for d5.} a6 13. Ba4) 12... exd5 $1 $11 (12... Qxe4 13. Re1 Qf5 14. dxc6 bxc6 15. Ba4 $14) 13. Qxd5 O-O-O $1 {Strongly threatening ...Be6.} 14. Rac1 f5 $2 (14... Be8 $1 $14 15. Qe5 Qxe5 16. Nxe5 Rd4 17. Bxc6 bxc6) 15. Ng3 $1 $18 ({Much less strong is} 15. Bxc6 $6 Bxc6 16. Qe6+ (16. Rxc6+ bxc6 17. Qxc6+ Kb8 $11) 16... Kb8 17. Rxc6 (17. Ng3 Bxf3 18. gxf3 Qxf3 $15) 17... fxe4 $16) 15... Qd6 16. Bxc6 bxc6 17. Qf7 {And now Rfd1 would win.} Qe7 (17... Qf6 $16 {is a better defense.} 18. Qb3 Bd6) 18. Qc4 {Threatens to win with Rfd1.} Qb4 19. Qc2 Qf4 20. Rfd1 {[%cal Od1d7] Hoping for Rxd7!} Be7 21. Rxd7 Rxd7 22. Qxc6+ Kb8 {[#]} 23. Rc3 $2 {Chess con chili.} (23. Ne5 $1 $16 {[%cal Re5d7] is necessary to keep the advantage.} Qxe5 24. Qxd7) 23... Rb7 $17 24. Qe6 Qd6 ({Black should try} 24... Rd8 $17 {[%cal Of4e4] ...Qe4! is the strong threat.} 25. h3 Qd6 26. Qxf5 Bf6) 25. Qxd6+ $2 (25. Qxf5 $11 Rd8 26. b3) 25... Bxd6 $19 26. Nxf5 Rxb2 {( -> ...Rb1+)} 27. g4 (27. Kf1 $142 Re8 28. Rb3+ Rxb3 29. axb3) 27... Bb4 28. Rd3 Rc8 29. Ne5 Rcc2 30. a3 $2 {[#]} (30. Ne3 Rc1+ 31. Kg2) 30... Rxf2 $2 (30... Be1 $1 $19 31. Rd8+ Kc7 32. Rd7+ Kb6) 31. axb4 $11 {The position is equal.} Rg2+ (31... Rfe2 $5 32. Rd8+ Kc7 33. Rd7+ Kb8 34. Rd8+ Kc7 35. Rd7+ Kb8 36. Rd8+ $11) 32. Kf1 Rgf2+ 33. Kg1 Rg2+ {Weighted Error Value: White=0.45/Black=0.38} (33... Rfe2 $5 34. Rd8+ Kc7 35. Rd7+ Kb8 36. Rd8+ Kc7 37. Rd7+ Kb8 38. Rd8+ $11) 1/2-1/2

[Event "Svetozar Gligoric Masters 2022"]
[Site "Belgrade"]
[Date "2022.07.18"]
[Round "2.24"]
[White "Vaibhav Jayant Raut"]
[Black "Yordanov, Lachezar"]
[Result "1/2-1/2"]
[ECO "E11"]
[WhiteElo "2169"]
[BlackElo "2316"]
[Annotator "TA"]
[PlyCount "36"]
[EventDate "2022.07.18"]
[EventCountry "SRB"]
[SourceTitle "playchess.com"]
[Source "ChessBase"]
[SourceQuality "1"]
[TimeControl "40/5400+30:900+30"]

1. d4 Nf6 2. c4 e6 3. Nf3 d5 4. g3 Bb4+ 5. Bd2 Be7 6. Bg2 O-O 7. O-O Nbd7 8. Qc2 c6 9. Nc3 dxc4 {E11: Bogo-Indian.} 10. a4 {Against b5} a5 11. e4 (11. Nb1 $11) 11... b6 ({Black should try} 11... e5 $1 $15) 12. Rfd1 $11 Bb7 13. Bf4 h6 {[#]} 14. Nd2 $146 ({Predecessor:} 14. Bf1 Ba6 15. Rac1 b5 16. axb5 cxb5 17. d5 exd5 18. e5 Ne4 19. Nxd5 {1-0 (33) Luo,T (1958)-Boris,P (1812) Tysons 2018}) 14... Ba6 $1 15. Qb1 (15. Nf1 $11) 15... Re8 (15... e5 $15 16. dxe5 Ng4) 16. Qa2 $1 $14 {White is slightly better.} Nf8 17. Nxc4 Ng6 18. Be3 Qc7 {Weighted Error Value: White=0.19 (very precise) /Black=0.26 (precise)} 1/2-1/2

[Event "Svetozar Gligoric Masters 2022"]
[Site "Belgrade"]
[Date "2022.07.19"]
[Round "3.1"]
[White "Damjanovic, Vuk"]
[Black "Predke, Alexandr"]
[Result "0-1"]
[ECO "D38"]
[WhiteElo "2393"]
[BlackElo "2688"]
[Annotator "TA"]
[PlyCount "102"]
[EventDate "2022.07.18"]
[EventCountry "SRB"]
[SourceTitle "playchess.com"]
[Source "ChessBase"]
[SourceQuality "1"]
[TimeControl "40/5400+30:900+30"]

1. d4 Nf6 2. c4 e6 3. Nf3 d5 4. Nc3 Bb4 5. Bg5 O-O 6. e3 h6 7. Bxf6 Qxf6 8. Rc1 Nc6 9. a3 {D38: Queen's Gambit Declined: Ragozin Defence (4 Nf3 Bb4).} Bxc3+ 10. Rxc3 Rd8 (10... dxc4 $11 11. Bxc4 e5) 11. Qc2 (11. cxd5 $14 exd5 12. h3) 11... e5 $11 12. dxe5 Nxe5 13. Nxe5 Qxe5 14. cxd5 $1 {[#]} Qxd5 $146 ({Predecessor:} 14... Bf5 15. Bd3 Bxd3 16. Rxd3 Rxd5 17. Rxd5 Qxd5 18. O-O c6 19. Rd1 Qa5 20. Qd2 Qb6 {0-1 (45) Lukey,S (2141)-Croad,N (2289) Christchurch 2022}) 15. Rd3 Bf5 16. Rxd5 Bxc2 17. Rd2 Bb3 18. Bd3 Rd6 19. Bc2 Bxc2 20. Rxc2 {[%mdl 4096] Endgame KRR-KRR} Rad8 {And now ...Rd1+ would win.} 21. Ke2 {Against Rd1} c6 22. Rb1 Rd3 23. a4 R8d5 24. b3 Kf8 25. g4 g5 26. Kf3 Ke7 27. Ke4 Ke6 28. h4 gxh4 29. f4 Ke7 30. Rh2 Rc3 31. Rxh4 Rdd3 32. Re1 Rd6 33. f5 $1 Rxb3 {...Ra3 is the strong threat.} 34. Kf4 (34. Reh1 $11) 34... c5 $17 {[%cal Bc6c5,Bc5c4,Bc4c3][%mdl 32] Strongly threatening ...Ra3. Black converts the advantage convincingly.} 35. Reh1 (35. e4 $1 $15) 35... c4 $19 36. Rxh6 $2 (36. Rc1 Rc6 37. Ke4) 36... Rxh6 37. Rxh6 {KR-KR} c3 38. Rh1 Rb4+ 39. e4 $2 (39. Ke5 Rxa4 40. f6+ Kd7 41. e4) 39... Rxa4 {Black is clearly winning.} 40. Rc1 Rc4 {Threatens to win with ...b5.} 41. Ke5 b5 42. f6+ Kd7 (42... Kf8 $142 43. Kf4 b4) 43. Kd5 Rc8 (43... c2 44. e5 Rc3 45. g5 $17) 44. g5 {[#]} b4 $1 ({Inferior is} 44... c2 45. e5 Ke8 46. g6 fxg6 47. e6 Rd8+ 48. Ke5 $11) 45. g6 {[#]} b3 $1 {( -> ...b2)} 46. gxf7 b2 47. Rxc3 b1=Q 48. Rxc8 Qb7+ 49. Ke5 Qxc8 50. Kf5 Qf8 51. e5 Qxf7 {Weighted Error Value: White=0.54/Black=0.14 (very precise)} 0-1

[Event "Svetozar Gligoric Masters 2022"]
[Site "Belgrade"]
[Date "2022.07.19"]
[Round "3.2"]
[White "Erdogmus, Yagiz Kaan"]
[Black "Petrov, Nikita"]
[Result "1/2-1/2"]
[ECO "E00"]
[WhiteElo "2373"]
[BlackElo "2558"]
[Annotator "TA"]
[PlyCount "94"]
[EventDate "2022.07.18"]
[EventCountry "SRB"]
[SourceTitle "playchess.com"]
[Source "ChessBase"]
[SourceQuality "1"]
[TimeControl "40/5400+30:900+30"]

1. d4 {Winants,L} Nf6 2. c4 e6 3. g3 Bb4+ 4. Nd2 c5 5. a3 Bxd2+ 6. Qxd2 cxd4 7. Nf3 Nc6 {7...d5 is the modern continuation.} 8. Nxd4 {E00: Catalan Bogo-Indian (3 g3 Bb4+).} Na5 9. Qb4 {Black should prevent Nb5.} d5 10. Nb5 {[#] Hoping for Nd6+.} Nc6 11. Qa4 ({Much worse is} 11. Nd6+ Kd7 12. Qc5 (12. Nxb7 $2 Nxb4 13. Nxd8 Nc2+ 14. Kd1 Nxa1 $19) 12... b6 $17) 11... O-O 12. Bg2 {[#]} Bd7 $146 {Black wants to play ...Na5.} (12... a6 $5 ) ({Predecessor:} 12... d4 13. c5 e5 14. Nd6 Qc7 15. O-O Bd7 16. b4 Ne7 17. Qc2 Bc6 18. f4 Bxg2 19. Kxg2 {0-1 (60) Verat,L (2255)-Winants,L (2480) France 1998 CBM 071 [Winants,L]}) 13. cxd5 Nxd5 14. O-O Nce7 {[#] Threatens to win with ...Qb6.} 15. Qb3 (15. Qc4 $1 $11) 15... Qb6 $36 {[%mdl 2048] White is under strong pressure.} 16. a4 a6 $1 17. e4 axb5 18. exd5 Nxd5 19. Bxd5 exd5 20. Qxd5 (20. a5 $142 Qf6 21. Qxd5) 20... Be6 (20... Bc6 $142 21. Be3 Qa5) 21. Qe4 bxa4 (21... Rfe8 $5 22. Re1 Qa6 $17) 22. Rxa4 Bd5 23. Qd4 Qe6 {And now ...Rxa4 would win.} 24. Rxa8 Rxa8 25. Bd2 Bc6 26. f3 f6 (26... Qe2 {is more complex.} 27. Bc3 f6 28. Qg4 Kh8) 27. Bc3 (27. Qd3 {looks sharper.} Qe7 28. Bc3 Qc5+ 29. Rf2) 27... h6 (27... Qe2 {feels hotter.} 28. Qg4 Kh8 29. Qf4 Rd8) 28. Qd3 Qf7 29. Qf5 Rd8 30. Re1 Kh8 (30... Qc4 {seems wilder.} 31. Kf2 Rd3 32. b3 Qd5) 31. Kf2 Rd5 32. Qf4 Qh5 33. g4 {Prevents Rf5.} Qf7 (33... Qg6 {is interesting.} 34. Qb8+ Kh7 35. Qf4 Rd3) 34. h4 Kg8 35. Re3 Qd7 36. Kg3 h5 37. Qb8+ Kh7 {...hxg4 is the strong threat.} 38. Qf4 hxg4 39. fxg4 Rd1 {White must now prevent ...Rg1+.} 40. Qf5+ Qxf5 41. gxf5 $15 {[%mdl 4096] Endgame KRB-KRB} Rg1+ 42. Kf4 Rf1+ 43. Kg4 {The position is equal.} Kg8 44. Re1 Rf2 45. Re7 Rg2+ 46. Kf4 Rf2+ 47. Kg4 Rg2+ {Weighted Error Value: White=0.11 (very precise) /Black=0.06 (flawless)} 1/2-1/2

[Event "Svetozar Gligoric Masters 2022"]
[Site "Belgrade"]
[Date "2022.07.19"]
[Round "3.3"]
[White "Makarian, Rudik"]
[Black "Kushagra Mohan"]
[Result "0-1"]
[ECO "D80"]
[WhiteElo "2533"]
[BlackElo "2359"]
[Annotator "TA"]
[PlyCount "80"]
[EventDate "2022.07.18"]
[EventCountry "SRB"]
[SourceTitle "playchess.com"]
[Source "ChessBase"]
[SourceQuality "1"]
[TimeControl "40/5400+30:900+30"]

1. d4 Nf6 2. c4 g6 3. Nc3 d5 4. h4 c5 5. cxd5 Nxd5 6. Na4 {D80: Grünfeld: Unusual White 4th moves and 4 Bg5.} cxd4 (6... Nc6 $11 7. Nxc5 e5) 7. Qxd4 $14 Nf6 ({Not} 7... Qa5+ 8. Bd2 Nc6 9. Qxh8 $16) 8. Qxd8+ {White is slightly better.} Kxd8 {[#]} 9. b3 $146 (9. Bf4 {is more complex.} Nc6 10. Nf3 Bg7 11. e3) ({Predecessor:} 9. Nf3 Nc6 10. g3 Nb4 11. Nd4 e5 12. Bg5 Be7 13. a3 exd4 14. axb4 Bxb4+ 15. Kd1 {0-1 (57) Van Foreest,J (2702)-Ragger,M (2643) Chartres 2022}) 9... e5 10. Bb2 ({But not} 10. Bg5 Bb4+ 11. Kd1 Ke7 $17) 10... Bb4+ 11. Nc3 $1 Nc6 12. a3 Bxc3+ 13. Bxc3 Ne4 14. Bb2 Be6 15. b4 Ke7 $36 {[%mdl 2048] Black fights for an advantage.} 16. Nf3 f6 17. e3 Rhd8 18. Be2 a5 19. b5 Nb8 {[%cal Bc6b8,Bb8d7,Bd7c5,Bc5d3][%mdl 32] Black is much more active. The white rooks are badly placed.} 20. O-O Nd7 21. a4 Ndc5 22. b6 Nd3 {Pair of Knights!} 23. Ba3+ Kf7 ({Black should try} 23... Nb4 $17 {Strongly threatening ...Nc3.} 24. Rfc1 Rac8) 24. Bxd3 {Black keeps a firm grip on the game.} (24. Nd4 $1 $11 {was the only way to keep the balance.} exd4 25. Bxd3) 24... Rxd3 $17 25. Rfc1 Nc3 26. Kh2 {[#] And now Ne1 would win.} Nxa4 27. Bc5 (27. Rc7+ {keeps fighting.} Rd7 28. Rxd7+ Bxd7 29. Nd2) 27... Bd7 $19 28. e4 Rc8 29. Be3 {Threatens to win with Rxc8.} Rxc1 30. Rxc1 Bc6 31. Ra1 Nb2 32. Rxa5 Nc4 ({Don't go for} 32... Bxe4 $2 33. Nd2 Bd5 34. Rc5 $19) 33. Ra8 (33. Ra2 {was called for.}) 33... Nxe3 34. fxe3 Bxe4 {[%mdl 4096] Endgame KRB-KRN. Black is clearly winning.} 35. Rh8 h5 36. Rc8 Rxe3 37. Nd2 Bd5 {[#] ...Re2 is the strong threat.} 38. Rd8 Ke6 {White must now prevent ...Re2.} 39. Re8+ Kd7 40. Rf8 Re2 {[%csl LRd2,LRg2] Weighted Error Value: White=0.39/Black=0.09 (flawless)} 0-1

[Event "Svetozar Gligoric Masters 2022"]
[Site "Belgrade"]
[Date "2022.07.19"]
[Round "3.4"]
[White "Spasic, Petar"]
[Black "Pranav Vijay"]
[Result "0-1"]
[ECO "A27"]
[WhiteElo "2336"]
[BlackElo "2265"]
[Annotator "TA"]
[PlyCount "76"]
[EventDate "2022.07.18"]
[EventCountry "SRB"]
[SourceTitle "playchess.com"]
[Source "ChessBase"]
[SourceQuality "1"]
[TimeControl "40/5400+30:900+30"]

1. c4 e5 2. Nc3 Nc6 3. Nf3 g6 4. d4 exd4 5. Nd5 Bg7 6. Bg5 f6 {A27: English Opening: Three Knights Variation.} (6... Nce7 {with more complications.} 7. Nxd4 h6 8. Bh4 c6) 7. Bh4 (7. Bf4 $5 d6 8. Nxd4 Nxd4 9. Qxd4 $11) 7... Nh6 8. Nxd4 Nxd4 {Black is slightly better.} 9. Qxd4 O-O {[#]} 10. e4 $146 {Inhibits Nf5.} ({Predecessor:} 10. g4 c6 11. Nc3 Qa5 12. c5 b5 13. h3 f5 14. Qd3 b4 15. Nd1 Qxc5 16. e3 {0-1 (36) Markowski,P (2119)-Kania,P (2242) Polanica Zdroj 2008}) 10... d6 (10... c6 $15 11. Nc3 Qe8) 11. f4 (11. Qd2 $11 {keeps the balance.}) 11... g5 $17 12. Bg3 c6 13. Ne3 f5 14. Qd2 fxe4 15. fxg5 Qxg5 16. O-O-O (16. Bxd6 $17 {was the only defense.} Rf7 17. O-O-O) 16... Rd8 17. Kb1 Nf7 {[%cal Od6d5] Black is more active.} 18. Be2 Be6 {aiming for ...d5.} 19. Rhf1 d5 20. cxd5 cxd5 21. Nf5 Qxd2 22. Rxd2 d4 23. Bg4 {[#] White does not recover from this.} (23. Bh5 $17 {keeps fighting.} e3 24. Rdd1) 23... e3 $1 $19 24. Ne7+ {[#]} Kh8 $1 ({Stronger than} 24... Kf8 25. Bxe6 Kxe7 26. Bxf7 $15) 25. Bxe6 {Black must now prevent Re2.} Ng5 26. Nf5 Nxe6 ({Not} 26... exd2 27. Nxg7 d1=Q+ 28. Rxd1 Kxg7 29. Be5+ Kg6 30. Bc4 $15) 27. Re2 Rd5 28. Bh4 Rf8 29. g4 Re5 30. Bg3 (30. Be7 {might work better.} Rf7 31. Bd6) 30... Re4 31. h3 Be5 32. Bxe5+ Rxe5 33. Rf3 Ng5 34. Rg3 Rd8 {Strongly threatening ...d3.} 35. Re1 $2 (35. Nxd4 Rxd4 36. Rexe3 Rxe3 37. Rxe3) 35... Ne4 {Black is clearly winning.} 36. Rg2 Nd2+ 37. Kc1 Nf3 38. Rf1 {[#]} d3 $1 {Weighted Error Value: White=0.55/Black=0.10 (very precise)} 0-1

[Event "Svetozar Gligoric Masters 2022"]
[Site "Belgrade"]
[Date "2022.07.19"]
[Round "3.5"]
[White "Arjun Kalyan"]
[Black "Rohith Krishna S"]
[Result "0-1"]
[ECO "B67"]
[WhiteElo "2499"]
[BlackElo "2326"]
[Annotator "TA"]
[PlyCount "134"]
[EventDate "2022.07.18"]
[EventCountry "SRB"]
[SourceTitle "playchess.com"]
[Source "ChessBase"]
[SourceQuality "1"]
[TimeControl "40/5400+30:900+30"]

1. e4 c5 2. Nf3 d6 3. d4 cxd4 4. Nxd4 Nf6 5. Nc3 Nc6 6. Bg5 e6 7. Qd2 a6 8. O-O-O Bd7 9. Kb1 h6 {B67: Sicilian: Richter-Rauzer: 7...a6 8 0-0-0 Bd7, lines without 9 f4 Be7.} 10. Be3 Be7 11. f3 h5 {White is slightly better.} 12. Nxc6 Bxc6 13. Bg5 b5 14. h4 Qb6 15. Bd3 Rc8 (15... b4 $11 {is superior.} 16. Ne2 O-O) 16. Ne2 $14 {[#]} Bb7 $146 ({Predecessor:} 16... Bd7 17. Ng3 b4 18. Rhe1 e5 19. Nf5 Bxf5 20. exf5 O-O 21. g4 Rc7 22. Bxf6 Bxf6 {½-½ (62) Ibarra Jerez,J (2545)-Dourerassou,J (2414) Chess.com INT 2015}) 17. c3 Nd7 18. Bxe7 Kxe7 19. Qg5+ Nf6 (19... Kf8 $11) 20. Nf4 (20. Qxg7 $2 Rcg8 21. Qg5 Rxg5 $19) 20... Rhg8 ({Better is} 20... Kf8 $14) 21. Rd2 (21. Nxh5 $16 Rc5 22. Nxf6 Rxg5 23. Nxg8+ Kf8 24. hxg5 Kxg8 25. Bc2) 21... Rc5 $11 22. Qg3 g5 23. hxg5 (23. Nh3 $5 ) 23... Rcxg5 24. Qh2 e5 {...Qe3 is the strong threat.} 25. Nh3 Rg3 26. Rhd1 {next Bf1 is good for White.} Bc8 27. Ng1 Be6 {[#]} (27... h4 $1 $11) 28. Bf1 $1 $16 R3g5 (28... Bc4 $142) 29. Ne2 (29. Rxd6 $142 Qc5 30. R6d2 (30. Rxa6 Qf2 $16)) 29... Qa5 30. Nc1 Ne8 31. Bd3 (31. Qg1 {with more complications.} Kf8 32. Qa7 R5g6 33. Nb3) 31... Kf8 32. Bc2 Qb6 33. Bb3 Bc4 34. f4 exf4 35. Qxf4 R8g6 36. Bxc4 bxc4 37. Rf1 Qb7 38. Rdf2 Rg7 39. e5 dxe5 40. Qxc4 Rxg2 41. Nd3 {Black must now prevent Nc5.} Rxf2 42. Rxf2 ({Don't play} 42. Qc5+ Kg8 43. Rxf2 Qe4 $17) 42... Qb6 43. Qe4 (43. Kc2 $11 {keeps the balance.}) 43... f6 (43... Rg3 $17 {[%cal Og3d3] Threatens to win with ...Rxd3!} 44. Rf1 (44. Qh7 Nf6 $17) 44... Qe3 45. Qxe3 Rxe3) 44. Qf5 {White is now going downhill.} (44. Kc2 $11 {and White is okay.}) 44... Qe3 $19 {aiming for ...Rg5.} 45. Rf1 (45. Kc2 $142) 45... Rg5 46. Qh7 Rg2 47. Qh8+ Ke7 {Chess con chili.} 48. Qh7+ Ng7 49. Ka1 $2 (49. Re1 Qf3 50. a3) 49... Rg1 50. Rb1 Kf7 {Hoping for ...e4.} 51. Nb4 f5 52. a3 a5 53. Nc2 Rxb1+ 54. Kxb1 {[%mdl 4096] Endgame KQN-KQN} Qd2 {And now ...Qd1+ would win.} 55. Na1 (55. b4 $142 Qxc3 56. Kc1) 55... e4 56. Nb3 Qd1+ 57. Ka2 e3 58. Nd4 {[#]} Qxd4 $3 59. cxd4 e2 60. d5 e1=Q 61. Qh6 Qe5 62. Qc6 Ne8 63. b4 axb4 64. axb4 h4 {[%cal Bh5h4,Bh4h3][%mdl 32] ( -> ...h3)} 65. Qd7+ Kg6 {Black mates.} 66. b5 h3 67. Qc6+ Nd6 {Weighted Error Value: White=0.63/Black=0.41} 0-1

[Event "Svetozar Gligoric Masters 2022"]
[Site "Belgrade"]
[Date "2022.07.19"]
[Round "3.9"]
[White "Chitlange Sakshi"]
[Black "Nitish Belurkar"]
[Result "0-1"]
[ECO "D27"]
[WhiteElo "2216"]
[BlackElo "2460"]
[Annotator "TA"]
[PlyCount "138"]
[EventDate "2022.07.18"]
[EventCountry "SRB"]
[SourceTitle "playchess.com"]
[Source "ChessBase"]
[SourceQuality "1"]
[TimeControl "40/5400+30:900+30"]

1. d4 Nf6 2. c4 e6 3. Nf3 d5 4. Nc3 dxc4 5. e3 a6 6. a4 c5 7. Bxc4 Nc6 8. O-O Be7 9. Qe2 cxd4 10. Rd1 e5 11. exd4 exd4 12. Nxd4 Nxd4 13. Qe5 O-O {D27: Queen's Gambit Accepted: Classical main line: 7 e4!? and 7 a4.} 14. Rxd4 Qb6 {Strongly threatening ...Bc5.} 15. a5 Qc5 {The position is equal.} 16. Bf4 Ng4 17. Qxc5 Bxc5 18. Rd2 Be6 19. Bxe6 fxe6 20. Bg3 Rad8 21. Rad1 Rxd2 22. Rxd2 Nf6 {[#]} 23. Rd1 $146 ({Predecessor:} 23. Bc7 Rc8 24. Rd8+ Rxd8 25. Bxd8 Kf7 26. Kf1 Ke8 27. Bxf6 gxf6 28. Ne4 Be7 29. Ke2 {½-½ (46) Coleman,J (2211)-Buckley,M (2130) Edinburgh 2003}) 23... Kf7 24. Bd6 Rc8 25. Kf1 Rc6 26. Bxc5 Rxc5 $11 {[%mdl 4096] Endgame KRN-KRN} 27. Rd6 Ke7 28. Rb6 Rc7 29. Ke2 Nd7 30. Rb4 Ne5 31. Re4 Kd6 32. Rd4+ Kc5 33. Rh4 Nc6 (33... h6 $11) 34. Rxh7 $14 Kb4 (34... Nxa5 $14 35. h4 Kb6) 35. Rh3 ({White should play} 35. h4 $16) 35... Kxa5 $11 36. Rh4 b5 37. Re4 b4 38. Nb1 Kb5 39. h4 a5 40. h5 a4 41. g4 Rd7 42. g5 Rd5 43. f4 Nd4+ 44. Kf2 Kc4 45. Ke3 $1 ({But not} 45. h6 gxh6 46. gxh6 Rh5 $17) 45... Kc5 46. Kf2 Kd6 47. h6 gxh6 48. gxh6 {[%cal Oe4e5] [#] aiming for Re5!} Nc6 {Prevents Re5. Threatens to win with ...Rh5.} 49. f5 $1 Rxf5+ 50. Kg3 Rh5 51. Rh4 Rxh4 52. Kxh4 {KN-KN} Ne5 53. h7 Nf7 54. Kg4 {[#]} (54. Nd2 $11 {remains equal.}) 54... Ke5 (54... Kd5 $1 $17 {...e5 is the strong threat.} 55. Kh5 e5) 55. Kf3 $2 {[%mdl 8192] This move loses the game for White.} (55. Nd2 $11) 55... Ng5+ $19 56. Ke3 Nxh7 57. Kd3 Kd5 58. Nd2 Nf6 {White must now prevent ...Nd7.} 59. Nc4 Nd7 60. Ne3+ Kc5 {( -> ...Ne5+)} 61. Ke4 {Against Ne5} Nb6 {Black mates.} 62. Kd3 e5 63. Ng4 Nc4 64. Kc2 Kd4 65. b3 Ne3+ 66. Nxe3 axb3+ ({Inferior is} 66... Kxe3 67. bxa4 Kf2 68. a5 $11) 67. Kd2 b2 68. Nf5+ Ke4 69. Nd6+ Kd5 {Weighted Error Value: White=0.19 (very precise) /Black=0.17 (very precise)} 0-1

[Event "Svetozar Gligoric Masters 2022"]
[Site "Belgrade"]
[Date "2022.07.19"]
[Round "3.10"]
[White "Stoyanov, Tsvetan"]
[Black "Petrovic, Aleksa"]
[Result "1-0"]
[ECO "B42"]
[WhiteElo "2450"]
[BlackElo "2230"]
[Annotator "TA"]
[PlyCount "75"]
[EventDate "2022.07.18"]
[EventCountry "SRB"]
[SourceTitle "playchess.com"]
[Source "ChessBase"]
[SourceQuality "1"]
[TimeControl "40/5400+30:900+30"]

1. e4 c5 2. Nf3 e6 3. d4 cxd4 4. Nxd4 a6 5. Bd3 Nf6 6. Nc3 d6 7. O-O Be7 8. a4 b6 9. f4 {[%cal Bf2f4,Bf4f5][%mdl 32] B42: Sicilian: Kan Variation: 5 Bd3.} Bb7 10. Kh1 {Hoping for e5.} Nbd7 {Prevents e5.} 11. Qe2 {The position is equal.} Nc5 12. Bd2 {[#]} d5 $146 (12... Nxd3 $11 13. cxd3 O-O) ({Predecessor:} 12... O-O 13. Rf3 g6 14. Rff1 Nxd3 15. cxd3 Nd7 16. f5 exf5 17. exf5 Bf6 18. Nc2 Re8 {½-½ (34) Kalevic,S (2270)-Litinskaya,M (2330) Cetinje 1992}) 13. e5 $14 {Black must now prevent f5.} Nfe4 14. f5 $36 {[%mdl 2048] aiming for fxe6. White has the initiative.} (14. Bxe4 $5 dxe4 15. Be3 $11) 14... Nxd2 15. Qxd2 Qd7 ({Black should play} 15... exf5 $14 16. Nxf5 (16. Bxf5 g6 $11) 16... g6) 16. Nce2 {White is more active.} (16. Be2 $142) 16... g6 $16 17. b4 gxf5 $2 {This costs Black the game.} 18. bxc5 $18 bxc5 {[#]} 19. Nxf5 exf5 20. Qh6 (20. Bxf5 Qc6 21. Rab1 Rb8 $18) 20... Qc6 21. Qg7 O-O-O 22. Qxf7 ({But not} 22. Bxf5+ $6 Kb8 23. Qxf7 d4 $14) 22... d4 $2 (22... Rde8 23. Rab1 (23. Qxf5+ Kb8 $16) 23... Kb8) 23. Nf4 {Chess con chili.} Rhg8 (23... Rdg8 $142) 24. Qxe7 Rxg2 25. Bxf5+ Kb8 26. Qxd8+ Ka7 {[#]} 27. Qd5 $1 Qxd5 28. Nxd5 Bxd5 {[#]} 29. Be6 $1 Ba8 (29... Bb7 30. Bc8) 30. Rf7+ Kb6 31. Rb1+ Ka5 32. Rb8 Be4 {( -> ...Rg4+)} 33. Rf4 Rg4+ {[#]} 34. Rxe4 $1 Rxe4 35. Bf5 Rxe5 36. Bxh7 Rg5 $2 (36... c4 37. Rc8 Re7) 37. Bd3 Kxa4 38. Bxa6 {Weighted Error Value: White=0.14 (very precise) /Black=0.48} 1-0